 Dungeon Crawl Stone Soup version 0.30-a0-777-ga9a30cbeda (webtiles) character file.

Game seed: 8722213663068210037

15 jimonade the Stinger (level 2, 0/24 HPs)
             Began as an Ogre Venom Mage on Feb 13, 2023.
             Slain by a quokka (3 damage)
             ... on level 1 of the Dungeon.
             The game lasted 00:01:09 (360 turns).

jimonade the Stinger (Ogre Venom Mage)               Turns: 360, Time: 00:01:10

Health: 0/24       AC:  3    Str: 11    XL:     2   Next: 50%
Magic:  0/6        EV:  9    Int: 16    God:
Gold:   22         SH:  0    Dex:  9    Spells: 6/7 levels left

rFire   . . .      SeeInvis .    (no weapon)
rCold   . . .      Faith    .    (no shield)
rNeg    . . .      Spirit   .    a - +0 robe
rPois   .          Reflect  .    (helmet restricted)
rElec   .          Harm     .    (no cloak)
rCorr   .          Rampage  .    (gloves unavailable)
Will    .....                    (boots unavailable)
Stlth   +                        (no amulet)
HPRegen 0.24/turn                (no ring)
MPRegen 0.10/turn                (no ring)

@: no status effects
A: large, unfitting armour, tough skin 1
a: no special abilities


You were on level 1 of the Dungeon.
You visited 1 branch of the dungeon, and saw 1 of its levels.

You collected 22 gold pieces.

Inventory:

Armour
 a - a +0 robe (worn)
Scrolls
 c - a scroll of identify {unknown}
 d - a scroll of fear {unknown}
Potions
 b - a potion of magic


   Skills:
 + Level 1.9 Dodging
 - Level 1.4 Stealth
 * Level 3.0 Spellcasting
 - Level 0.8 Transmutations
 + Level 3.0 Poison Magic


You had 6 spell levels left.
You knew the following spells:

 Your Spells              Type           Power      Damage    Failure   Level
a - Sting                 Tmut/Pois      32%        1d4       9%          1

Your spell library contained the following spells:

 Spells                   Type           Power      Damage    Failure   Level
 Poisonous Vapours        Pois/Air       14%        N/A       16%         2
 Mephitic Cloud           Conj/Pois/Air  5%         N/A       36%         3
 Olgreb's Toxic Radiance  Pois           12%        N/A       47%         4


Dungeon Overview and Level Annotations

Branches:
Dungeon (1/15)

Altars:


Innate Abilities, Weirdness & Mutations

You are too large for most types of armour.
You have tough skin. (AC +1)


Message History

You are out of magic!
You don't have enough magic to cast this spell.
The bat hits you but does no damage.
Unknown command.
You barely miss the bat. The bat hits you but does no damage.
The quokka closely misses you. The bat hits you.
You barely miss the quokka. The bat barely misses you. The quokka bites you.
You barely miss the quokka. The quokka bites you.
You hit the quokka.
The quokka is lightly wounded.
The bat misses you.
The quokka bites you but does no damage.
You hit the quokka.
The quokka is heavily wounded.
The quokka bites you. The bat barely misses you. The quokka bites you.
The bat hits you but does no damage.
Aiming: Sting (safe; 9% risk of failure)
Press: ? - help, Q - select action Shift-Dir - straight line, f/p - bat
Aim: a bat (52% to hit)
The sting hits the bat.
The bat is poisoned.
The bat is heavily wounded.
You kill the bat!
The quokka bites you but does no damage.
You don't have enough magic to cast this spell.
Unknown command.
You barely miss the quokka.
The quokka is heavily wounded.
The quokka bites you.
* * * LOW HITPOINT WARNING * * *
You barely miss the quokka.
The quokka is heavily wounded.
The quokka bites you but does no damage.
You hit the quokka but do no damage.
The quokka is heavily wounded.
The quokka bites you.
* * * LOW HITPOINT WARNING * * *
You hit the quokka.
The quokka is severely wounded.
The quokka bites you.
You die...

#...........########
#...........#.......
###.........#.#####.
#....#..........#.
#....#....###.#.#.
#########....#......#.#.#.
........#....#....#.#.#.#.
........#....#....#.#.#.#.
........r@....)...+....>†.
........#....#....#.#.#.#.
........#....#....#...#.#.
........######....#####.#.
........# #..........#.
........# #....#.....#.
........# ##.....##....
........# ......##..##
........# #..##....


You could see a quokka.

Vanquished Creatures
  A worm (D:1)
  3 bats (D:1)
  2 endoplasms (D:1)
  A giant cockroach (D:1)
  A goblin (D:1)
  A quokka (D:1)
  A kobold (D:1)
10 creatures vanquished.

Notes
Turn   | Place    | Note
-------+----------+-------------------------------------------
     0 | D:1      | jimonade the Ogre Venom Mage began the quest for the Orb.
     0 | D:1      | Reached XP level 1. HP: 16/16 MP: 3/3
   160 | D:1      | Reached XP level 2. HP: 21/24 MP: 1/5
   360 | D:1      | Slain by a quokka

Illustrated notes

Levels and vault maps discovered:
D:1:      dpeg_arrival_brainrot, layout_basic

Skill      XL: |  1  2 |
---------------+-------+-----
Poison Magic   | 3 |  3.0
Spellcasting   | 3 |  3.0
Dodging        | |  1.9
Stealth        | |  1.4
Transmutations | |  0.8

Action                     || total
---------------------------++-------
  Melee: Unarmed           ||    21
   Cast: Sting             ||    25
 Armour: Robe              ||    13
  Dodge: Dodged            ||    14

Table legend: (Time is in decaauts)
 A = Elapsed time spent in this place.
 B = Non-inter-level travel time spent in this place.
 C = Inter-level travel time spent in this place.
 D = Time resting spent in this place.
 E = Time spent auto-exploring this place.
 F = Levels seen in this place.
 G = Mean time per level.
                   A        B        C        D        E       F      G
               +--------+--------+--------+--------+--------+-----+--------+
         Total |    360 |    360 |      0 |      0 |    257 |   1 |  360.0 |
       Dungeon |    360 |    360 |      0 |      0 |    257 |   1 |  360.0 |
               +--------+--------+--------+--------+--------+-----+--------+

Top non-repeatable levels by time:
     D:1: 360 daAuts
